AoeStats
← Mito

Fortress

510541700Analyzed
1v1 RM · 14h ago on Oct 1, 2026· 34m 41s· 2 players
Game mode
Random Map
Map size
Small (3 player)
Population
200
Speed
Normal
Resources
Standard
Victory
Conquest
Starting age
Dark Age
Ending age
Imperial Age
RankedLock teamsTeams togetherTeam positionsShared explorationLock speedFull tech treeHidden civsTurbo modeCheats
Victory
Defeat
🇮🇹 Persians · Italy
1126
+17
🇪🇸 Britons · Spain
1143
-17
Francescosti
9:50 Feudal Age
10:53 Double-Bit Axe
11:18 Horse Collar
14:04 Castle Age
12:42 Gold Mining
18:48 Wheelbarrow
20:53 Bow Saw
22:13 Heavy Plow
23:27 Scale Barding Armor
23:33 Forging
23:53 Hand Cart
25:25 Bloodlines
25:16 Husbandry
25:57 Chain Barding Armor
26:37 Iron Casting
29:42 Imperial Age
27:34 Kamandaran
28:23 Town Watch
28:30 Fletching
28:40 Padded Archer Armor
29:30 Gold Shaft Mining
29:14 Thumb Ring
28:30 Crossbowman
29:37 Bodkin Arrow
29:32 Capped Ram
29:46 Cavalier
31:29 Blast Furnace
30:46 Leather Archer Armor
31:18 Conscription
30:47 Loom
30:52 Light Cavalry
32:56 Chemistry
32:48 Plate Barding Armor
32:26 Hussar
34:25 Siege Ram
Mito
7:36 Feudal Age
13:19 Castle Age
11:13 Gold Mining
11:13 Double-Bit Axe
11:18 Horse Collar
22:46 Imperial Age
20:36 Stone Mining
21:29 Fletching
24:10 Conscription
25:10 Wheelbarrow
25:43 Loom
27:22 Chemistry
27:04 Ballistics
26:43 Bodkin Arrow
27:49 Bracer
30:18 Bow Saw
30:15 Padded Archer Armor
30:18 Town Watch
31:36 Town Patrol
32:46 Yeomen
34:27 Leather Archer Armor
34:35 Hand Cart
34:39 Masonry
Connection lost

Rejoining the realm…

Still unreachable

The connection could not be restored.

Session expired

The server has moved on; the page needs a fresh start.